 Dungeon Crawl Stone Soup version 0.23.2-30-g0e89c35649 (webtiles) character file.

Game seed: 18064612932419136186

317 Mrkan the Cudgeler (level 6, -11/39 HPs)
             Began as a Gargoyle Fighter on June 25, 2019.
             Was an Initiate of Gozag.
             Mangled by an ogre
             ... wielding a +0 giant spiked club
              (21 damage)
             ... on level 4 of the Dungeon.
             The game lasted 00:08:27 (3564 turns).

Mrkan the Cudgeler (Gargoyle Fighter)               Turns: 3564, Time: 00:08:27

Health: -11/39     AC: 12    Str: 22    XL:     6   Next: 44%
Magic:  6/6        EV:  7    Int:  8    God:    Gozag
Gold:   78         SH:  9    Dex:  9    Spells: 5/5 levels left

rFire    . . .     SeeInvis .   a - +0 flail
rCold    . . .     Gourm    .   c - +0 shield
rNeg     + . .     Faith    .   b - +0 scale mail
rPois    ∞         Spirit   .   (no helmet)
rElec    +         Reflect  .   (no cloak)
rCorr    .         Harm     .   e - +0 pair of gloves
MR       .....                  (no boots)
Stlth    ..........             (no amulet)
HPRegen  0.13/turn              (no ring)
MPRegen  0.10/turn              (no ring)

@: no status effects
A: negative energy resistance 1, electricity resistance, unbreathing,
petrification resistance, rot immunity, AC +4
a: Potion Petition, Call Merchant, Bribe Branch, Renounce Religion


You were on level 4 of the Dungeon.
You worshipped Gozag.
Gozag was noncommittal.
You were hungry.

You visited 2 branches of the dungeon, and saw 5 of its levels.

You collected 133 gold pieces.
You paid 55 gold pieces to Gozag.

Inventory:

Hand Weapons
 a - a +0 flail (weapon)
Armour
 b - a +0 scale mail (worn)
 c - a +0 shield (worn)
 e - a +0 pair of gloves (worn)
Jewellery
 o - a +6 ring of evasion {unknown}
 p - an uncursed ring of protection from magic {unknown}
 r - an uncursed ring of fire {unknown}
 v - a +4 ring of evasion {unknown}
Wands
 y - a wand of disintegration (8)
Scrolls
 i - 2 scrolls of identify {unknown}
 m - a scroll of random uselessness {unknown}
 n - 3 scrolls of remove curse {unknown}
 q - 2 scrolls of enchant armour {unknown}
 s - 2 scrolls of magic mapping {unknown}
 t - 2 scrolls of teleportation {unknown}
Potions
 d - a potion of lignification {unknown}
 g - 3 potions of curing {unknown}
 h - a potion of magic {unknown}
 j - a potion of degeneration {unknown}
 k - 2 potions of agility {unknown}
 l - 2 potions of mutation {unknown}
 u - a potion of heal wounds {unknown}
 w - a potion of invisibility {unknown}
Comestibles
 f - 7 rations


   Skills:
 + Level 4.7 Fighting
 * Level 4.8 Maces & Flails
 - Level 3.2 Armour
 + Level 4.7 Shields


You had 5 spell levels left.
You didn't know any spells.
Your spell library contained the following spells:

 Spells                   Type           Power        Failure   Level  Hunger
 Animate Skeleton         Necr           N/A          99%         1    ##.....
 Apportation              Tloc           #.....       99%         1    ##.....
 Confusing Touch          Hex            #.....       99%         1    ##.....
 Summon Small Mammal      Summ           #...         99%         1    ##.....


Dungeon Overview and Level Annotations

Branches:
Dungeon (4/15)             Temple (1/1) D:4

Altars:
Ashenzari
Fedhas
Gozag
Hepliaklqana
Nemelex Xobeh
Okawaru
Ru
Trog
Uskayaw
Vehumet
Yredelemnul


Innate Abilities, Weirdness & Mutations

You are resistant to torment.
Your stone body is resilient. (AC +4)
You are immune to poison.
You resist negative energy. (rN+)
You are resistant to electric shocks. (rElec)
You can survive without breathing.
You are immune to petrification.
You are immune to rotting.


Message History

You now have 78 gold pieces (gained 7).
Found a mace.
An ogre comes into view. It is wielding a +0 giant spiked club.
The ogre shouts!
You sock the ogre!
The ogre is heavily wounded.
The ogre barely misses you.
You hit the ogre.
The ogre is heavily wounded.
The ogre hits you with a +0 giant spiked club!!
You barely miss the ogre.
The ogre is heavily wounded.
Your shield and scale mail prevent you from hitting the ogre.
The ogre is heavily wounded.
The ogre hits you with a +0 giant spiked club!
* * * LOW HITPOINT WARNING * * *
The ogre hits you with a +0 giant spiked club!!
Ouch! That really hurt!
You die...
Your body crumbles into a pile of gold.

##..... .# ##....## ## #.##
###....###
..#######....##....###
...#......#.......##
#....... ##.......# #.....#
#...#...# #....# #...##..##
#.@# #...##...# ##O.#
#....#...### ##...#
#....##...#. #####....##
##.....#.....
####.........###............
#..............#.....###....
##........###......### #....
#.###...###......## ##...
##....####.......# #...


You could see an ogre.

Vanquished Creatures
  A water moccasin skeleton (D:4)
  2 orc priests (D:4)
  An orc wizard (D:4)
  6 gnolls
  5 adders
  An ooze (D:4)
  A worm (D:4)
  An orc (D:4)
  6 bats
  5 giant cockroaches
  13 hobgoblins
  7 jackals
  A quokka (D:3)
  A ball python (D:2)
  A frilled lizard (D:4)
  7 goblins
  5 kobolds
  9 rats
73 creatures vanquished.

Notes
Turn   | Place    | Note
-------+----------+-------------------------------------------
     0 | D:1      | Mrkan the Gargoyle Fighter began the quest for the Orb.
     0 | D:1      | Reached XP level 1. HP: 14/14 MP: 1/1
   132 | D:1      | Reached XP level 2. HP: 19/19 MP: 2/2
   809 | D:2      | Reached XP level 3. HP: 19/23 MP: 3/3
  1009 | D:2      | Found a hazy altar of Hepliaklqana.
  1420 | D:2      | Noticed a +0 hand axe
  1420 | D:2      | Noticed a +0 dagger
  1425 | D:2      | Found a hide-covered altar of Uskayaw.
  1640 | D:3      | Reached XP level 4. HP: 5/29 MP: 4/4
  2069 | D:3      | Reached XP level 5. HP: 32/33 MP: 5/5
  2679 | D:4      | Found a staircase to the Ecumenical Temple.
  3150 | D:4      | Reached XP level 6. HP: 26/39 MP: 6/6
  3308 | Temple   | Entered the Ecumenical Temple
  3439 | Temple   | Became a worshipper of Gozag Ym Sagoz the Greedy
  3564 | D:4      | Mangled by an ogre

Skill      XL: |  1  2  3  4  5 |
---------------+----------------+-----
Maces & Flails | 3 4 |  4.8
Fighting       | 4 |  4.7
Shields        | 4 |  4.7
Armour         | |  3.2

Action                   |  1- 3 |  4- 6 || total
-------------------------+-------+-------++-------
Melee: Flail             |   142 |   188 ||   330
  Use: Potion            |     1 |       ||     1
  Eat: Chunk             |     2 |     3 ||     5
       Ration            |       |     1 ||     1
Armor: Scale mail        |    64 |    97 ||   161
Dodge: Dodged            |    49 |    55 ||   104
Block: Shield            |    69 |    95 ||   164
